 Dungeon Crawl Stone Soup version 0.31.0-11-ge490571c62 (webtiles) character file.

Game seed: 17112242252838587585

70 SmokeWeed the Firebug (level 4, 0/24 HPs)
             Began as a Deep Elf Fire Elementalist on Feb 2, 2024.
             Slain by a kobold
             ... wielding a +0 short sword
              (5 damage)
             ... on level 2 of the Dungeon.
             The game lasted 00:05:33 (2068 turns).

SmokeWeed the Firebug (Deep Elf Fire Elementalist)  Turns: 2068, Time: 00:05:34

Health: 0/24       AC:  6    Str:  5    XL:     4   Next: 4%
Magic:  7/11       EV: 13    Int: 22    God:
Gold:   92         SH:  0    Dex: 15    Spells: 7/10 levels left

rFire   . . .        i - +0 spear
rCold   . . .        o - orb {mayhem}
rNeg    . . .        a - +1 robe
rPois   .            (no helmet)
rElec   .            f - +2 cloak
rCorr   .            (no gloves)
SInv    .            (no boots)
Will    .....        (no amulet)
Stlth   ++           (no ring)
HPRegen 0.24/turn    (no ring)
MPRegen 0.12/turn

%: mayhem
@: no status effects
A: no striking features
a: no special abilities


You were on level 2 of the Dungeon.
You visited 1 branch of the dungeon, and saw 2 of its levels.

You collected 92 gold pieces.

Inventory:

Hand Weapons
 i - a +0 spear (weapon)
 k - a +0 whip
Missiles
 m - 6 poisoned darts
Armour
 a - a +1 robe (worn)
 f - a +2 cloak (worn)
 h - a +0 ring mail
 o - an orb of mayhem (worn)
Jewellery
 g - a ring of wizardry
 p - a ring of ice
Scrolls
 e - 3 scrolls of amnesia
 l - a scroll of teleportation {unknown}
 n - 3 scrolls of identify {unknown}
Potions
 b - a potion of magic
 c - a potion of curing
 d - a potion of heal wounds {unknown}
 j - a potion of attraction {unknown}
 q - 2 potions of haste {unknown}


   Skills:
 + Level 0.3 Fighting
 + Level 0.5 Polearms
 + Level 2.9 Dodging
 + Level 2.7 Stealth
 + Level 3.8 Spellcasting
 + Level 1.5 Conjurations
 + Level 4.1 Fire Magic


You had 7 spell levels left.
You knew the following spells:

 Your Spells              Type           Power      Damage    Failure   Level
a - Foxfire               Conj/Fire      64%        2x1d7     3%          1
b - Scorch                Fire           44%        2d6       3%          2

Your spell library contained the following spells:

 Spells                   Type           Power      Damage    Failure   Level
 Sting                    Conj/Alch      28%        1d4       9%          1
 Apportation              Tloc           8%         N/A       12%         1
 Necrotise                Necr           16%        1d4       12%         1
 Summon Small Mammal      Summ           16%        N/A       12%         1
 Inner Flame              Hex/Fire       13%        N/A       14%         3
 Volatile Blastmotes      Fire/Tloc      26%        2d12      14%         3
 Flame Wave               Conj/Fire      16%        2d7       34%         4


Dungeon Overview and Level Annotations

Branches:
Dungeon (2/15)

Altars:


Message History

Casting: Foxfire (safe; 3% risk of failure)
Press: ? - help, Q - select action, (/) - cycle Dir - look around, f - activate You conjure some foxfire!
You feel sick. The adder misses you.
Your foxfire dissipates!
You feel sick.
The foxfire hits the adder but does no damage.
The adder is severely wounded.
The adder attacks as it pursues you! The adder bites you.
You are lethally poisoned!
The adder poisons you! The adder bites you but does no damage.
You barely miss the adder.
The adder is severely wounded.
* * * LOW HITPOINT WARNING * * *
You feel sick. The adder bites you.
* * * LOW HITPOINT WARNING * * *
You hit the adder but do no damage.
The adder is severely wounded.
* * * LOW HITPOINT WARNING * * *
You feel sick. The adder closely misses you.
It was a potion of curing.
You feel better. The adder barely misses you. The adder bites you.
* * * LOW HITPOINT WARNING * * *
You hit the adder.
You kill the adder!
The kobold flies into a frenzy!
You have reached level 4!
You feel clever.
You hit the kobold.
The kobold is moderately wounded.
The kobold hits the kobold with a +0 short sword!
The kobold dies!
The kobold hits you with a +0 short sword.
* * * LOW HITPOINT WARNING * * *
You hit the kobold but do no damage. The kobold barely misses you.
You hit the kobold.
The kobold is moderately wounded.
The kobold closely misses you.
The kobold hits you with a +0 short sword.
You die...

###### #.#
#....####.######
#.#..........<.#
#.##############
#...†......#
#.#####.#..#
#.##!!####.#
#######.##(.. #).#
......#.###.K###@#
......#.##.....#K#
......#.##.#.#.).#
.>....#.# # #####
......#.#
......#.#
......#.#
......#.#
........#


You could see a neutral kobold (fast, strong, frenzied).

Vanquished Creatures
  3 adders (D:2)
  A dart slug (D:2)
  3 bats
  2 endoplasms
  5 giant cockroaches
  2 goblins (D:2)
  3 hobgoblins
  6 kobolds
  A quokka (D:1)
  7 ball pythons
  4 frilled lizards
  3 rats
40 creatures vanquished.

Vanquished Creatures (collateral kills)
  A kobold (D:2)
1 creature vanquished.

Vanquished Creatures (others)
  110 foxfires
110 creatures vanquished.

Grand Total: 151 creatures vanquished

Notes
Turn   | Place    | Note
-------+----------+-------------------------------------------
     0 | D:1      | SmokeWeed the Deep Elf Fire Elementalist began the quest
                  | for the Orb.
     0 | D:1      | Reached XP level 1. HP: 10/10 MP: 6/6
     2 | D:1      | Noticed a naga
     2 | D:1      | Noticed an oni
     4 | D:1      | Noticed an armataur
     4 | D:1      | Noticed a merfolk
     6 | D:1      | Noticed a djinni
     6 | D:1      | Noticed a vampire
     8 | D:1      | Noticed an octopode
    10 | D:1      | Noticed a tengu
    10 | D:1      | Noticed a demigod
    12 | D:1      | Noticed a draconian
    12 | D:1      | Noticed a human
    14 | D:1      | Noticed a felid
    14 | D:1      | Noticed a demonspawn
    16 | D:1      | Noticed a minotaur
    18 | D:1      | Noticed a ghoul
    20 | D:1      | Noticed a formicid
    20 | D:1      | Noticed an elf
    22 | D:1      | Noticed a troll
    24 | D:1      | Noticed a barachi
    24 | D:1      | Noticed a gargoyle
    26 | D:1      | Noticed a vine stalker
    26 | D:1      | Noticed a spriggan
   320 | D:1      | Reached XP level 2. HP: 15/15 MP: 2/8
   406 | D:1      | Learned a level 2 spell: Scorch
  1110 | D:2      | Reached skill level 4 in Fire Magic
  1110 | D:2      | Reached XP level 3. HP: 19/19 MP: 5/10
  1637 | D:2      | Found a faded altar of an unknown god.
  2066 | D:2      | Reached XP level 4. HP: 6/24 MP: 7/11
  2068 | D:2      | Slain by a kobold

Illustrated notes

Levels and vault maps discovered:
D:1:      kb_arrival_jail, layout_basic, serial_park_tiny_pond,
          corexii_corridor_pit
D:2:      minmay_wonky_spiral, layout_basic,
          shapermc_ecumenical_altar_starsandcircs

Skill      XL: |  1  2 |
---------------+-------+-----
Fire Magic     | 4 |  4.1
Fighting       | |  0.3
Polearms       | |  0.5
Dodging        | |  2.9
Stealth        | |  2.7
Spellcasting   | |  3.8
Conjurations   | |  1.5

Action                     |  1- 3 |  4- 6 || total
---------------------------+-------+-------++-------
  Melee: Unarmed           |     4 |       ||     4
         Spear             |    15 |     3 ||    18
   Cast: Foxfire           |    66 |       ||    66
    Use: Scroll            |     3 |       ||     3
         Potion            |     1 |       ||     1
   Stab: Sleeping          |     1 |       ||     1
 Armour: Robe              |    21 |     2 ||    23
  Dodge: Dodged            |    27 |     2 ||    29
